 Dungeon Crawl Stone Soup version 0.28.0-45-g0d030f2227 (webtiles) character file.

Game seed: 10642485009447881459

152 Bruhh the Chopper (level 5, -6/32 HPs)
             Began as a Gargoyle Fighter on Apr 23, 2022.
             Splashed by a jelly's acid (9 damage)
             ... on level 2 of the Dungeon.
             The game lasted 00:02:26 (2786 turns).

Bruhh the Chopper (Gargoyle Fighter)                Turns: 2786, Time: 00:02:29

Health: -6/32      AC:  0    Str: 22    XL:     5   Next: 34%
Magic:  5/5        EV:  9    Int:  8    God:
Gold:   47         SH:  4    Dex:  9    Spells: 4/4 levels left

rFire   . . .      SeeInvis .   a - +0 war axe
rCold   . . .      Faith    .   c - +0 buckler
rNeg    + . .      Spirit   .   b - +0 scale mail
rPois   ∞          Reflect  .   (no helmet)
rElec   +          Harm     .   (no cloak)
rCorr   .          Rampage  .   (no gloves)
Will    .....                   g - +0 pair of boots
Stlth   ..........              (no amulet)
HPRegen 0.10/turn               (no ring)
MPRegen 0.09/turn               (no ring)

@: corroded
A: sickness immunity, AC +4, negative energy resistance 1, electricity
resistance, torment resistance 1, petrification resistance
a: no special abilities


You were on level 2 of the Dungeon.
You visited 1 branch of the dungeon, and saw 2 of its levels.

You collected 47 gold pieces.

Inventory:

Hand Weapons
 a - a +0 war axe (weapon)
Armour
 b - a +0 scale mail (worn)
 c - a +0 buckler (worn)
 g - a +0 pair of boots (worn)
Scrolls
 h - a scroll of teleportation {unknown}
 i - a scroll of blinking {unknown}
Potions
 d - a potion of might
 e - a potion of invisibility {unknown}
 f - 2 potions of curing {unknown}
 j - a potion of attraction {unknown}
 k - a potion of brilliance {unknown}
 l - a potion of flight {unknown}


   Skills:
 - Level 3.2 Fighting
 + Level 4.9 Axes
 - Level 3.2 Armour
 - Level 3.2 Shields


You had 4 spell levels left.
You didn't know any spells.
Your spell library contained the following spells:

 Spells                   Type           Power      Damage    Failure   Level
 Animate Skeleton         Necr           0%         N/A       83%         1
 Apportation              Tloc           0%         N/A       83%         1
 Summon Small Mammal      Summ           0%         N/A       83%         1
 Ensorcelled Hibernation  Hex/Ice        0%         N/A       92%         2
 Spider Form              Tmut/Pois      0%         N/A       99%         3
 Tukima's Dance           Hex            0%         N/A       99%         3
 Anguish                  Hex/Necr       0%         N/A       100%        4
 Passage of Golubria      Tloc           0%         N/A       100%        4
 Yara's Violent Unravell  Hex/Tmut       0%         3d3       100%        5


Dungeon Overview and Level Annotations

Branches:
Dungeon (2/15)

Altars:


Innate Abilities, Weirdness & Mutations

You are immune to sickness and miasma.
Your stone body is resilient. (AC +4)
You are immune to poison.
You resist negative energy. (rN+)
You are resistant to electric shocks. (rElec)
You are resistant to unholy torment.
You are immune to petrification.


Message History

The endoplasm hits the fungus.
The fungus begins to die.
The endoplasm hits the fungus.
The jelly hits you but does no damage.
The endoplasm hits the fungus.
Something hits the fungus.
You completely miss the jelly.
The jelly is lightly wounded.
A nearby fungus withers and dies.
The jelly hits you but does no damage.
You hit the jelly.
Your hands burn!
The jelly is moderately wounded.
The jelly hits you but does no damage.
You hit the jelly.
Your hands burn!
The jelly is moderately wounded.
You block the jelly's attack. The jelly completely misses you.
You completely miss the jelly.
The jelly is moderately wounded.
The jelly barely misses you.
You hit the jelly. The acid corrodes you!
Your hands burn!
The jelly is severely wounded.
The jelly hits you but does no damage.
You slash the jelly!
You kill the jelly!
The jelly jiggles.
The jelly hits you but does no damage.
You slash the jelly!
Your hands burn!
The jelly is severely wounded.
The jelly hits you. The acid corrodes you!
You are splashed with acid!
You barely miss the jelly.
The jelly is severely wounded.
The jelly barely misses you.
You hit the jelly.
Your hands burn!
* * * LOW HITPOINT WARNING * * *
The jelly is severely wounded.
The jelly barely misses you.
You hit the jelly but do no damage. The acid corrodes you!
Your hands burn!
* * * LOW HITPOINT WARNING * * *
The jelly is severely wounded.
The jelly hits you.
* * * LOW HITPOINT WARNING * * *
You are splashed with acid!
You die...

>........^.............<.........
.#....<......##.#.#####.#.###.#.#
.#.†#...#.....#.#.###...#.# #.#.#
.....[.........(......###.###.#.#
##.#.#>#############.......##.#.#
#.#.########## #######[.#.#..
#...# #...÷.J############.#.##.
##### #....JJJ##......###...##.
#......#@#.......##......
#..÷.PJ#.#.....[.)').####
#...JJJ#.#.......))).# #
#......#)#'#......'.## #
#......#.#.#.....##.# #
#P..÷PP#.#.#....##### #
#(..÷.J##.####### ###


You could see a jelly and 3 endoplasms.

Vanquished Creatures
  A jelly (D:2)
  Robin (D:2)
  4 adders
  A dart slug (D:1)
  7 endoplasms
  2 giant cockroaches (D:1)
  13 goblins
  8 hobgoblins (D:1)
  3 quokkas
  4 ball pythons
  3 bats (D:1)
  2 frilled lizards (D:1)
  14 kobolds
  3 rats (D:1)
  A spectral hobgoblin (D:2)
67 creatures vanquished.

Vanquished Creatures (others)
  4 fungi (D:2)
  A plant (D:1)
  11 toadstools (D:2)
16 creatures vanquished.

Grand Total: 83 creatures vanquished

Notes
Turn   | Place    | Note
-------+----------+-------------------------------------------
     0 | D:1      | Bruhh the Gargoyle Fighter began the quest for the Orb.
     0 | D:1      | Reached XP level 1. HP: 14/14 MP: 1/1
    35 | D:1      | Reached skill level 2 in Axes
    39 | D:1      | Reached XP level 2. HP: 15/19 MP: 2/2
   358 | D:1      | Reached skill level 3 in Axes
   465 | D:1      | Reached XP level 3. HP: 23/23 MP: 3/3
   945 | D:1      | Reached XP level 4. HP: 24/28 MP: 4/4
  1117 | D:2      | Reached skill level 4 in Axes
  1120 | D:2      | Noticed Robin
  2306 | D:2      | Killed Robin
  2398 | D:2      | Found a faded altar of an unknown god.
  2564 | D:2      | Reached XP level 5. HP: 13/32 MP: 5/5
  2786 | D:2      | Splashed by a jelly's acid

Illustrated notes

Levels and vault maps discovered:
D:1:      scummos_arrival_gate, layout_loops_ring, serial_bayou_pond_b,
          minmay_vboxes
D:2:      cheibrodos_fertilizer, layout_basic,
          dreamdust_ecumenical_altar_drowned_temple, uniq_robin

Skill      XL: |  1  2  3  4 |
---------------+-------------+-----
Axes           | 2 3 4 |  4.9
Fighting       | |  3.2
Armour         | |  3.2
Shields        | |  3.2

Action                   |  1- 3 |  4- 6 || total
-------------------------+-------+-------++-------
Melee: War axe           |    91 |    76 ||   167
Armor: Scale mail        |    77 |    48 ||   125
Dodge: Dodged            |    48 |    43 ||    91
Block: Buckler           |    22 |    11 ||    33
